 Dungeon Crawl Stone Soup version 0.26-a0-690-gcb57259078 (webtiles) character file.

Game seed: 8067716166286378072

22732 vortex the Thaumaturge (level 12, -1/76 HPs)
             Began as a Deep Elf Fire Elementalist on Oct 24, 2020.
             Was an Elder of Vehumet.
             Slain by a five-headed hydra (3 damage)
             ... on level 1 of the Lair of Beasts.
             The game lasted 01:29:51 (19995 turns).

vortex the Thaumaturge (DEFE)                      Turns: 19995, Time: 01:29:51

Health: -1/76      AC:  5    Str:  5    XL:     12   Next: 65%
Magic:  11/28      EV:  9    Int: 35    God:    Vehumet [****..]
Gold:   654        SH:  0    Dex: 15    Spells: 18/32 levels left

rFire    . . .     SeeInvis .   w - +5 dagger (freeze)
rCold    + . .     Faith    .   (no shield)
rNeg     . . .     Spirit   .   t - +0 leather armour "Archuin" {rC+ Int+3}
rPois    .         Reflect  +   g - +0 helmet
rElec    .         Harm     .   p - scarf {+Inv}
rCorr    .         Rampage  .   q - +0 pair of gloves
MR       +....                  (no boots)
Stlth    ++........             k - amulet of reflection
HPRegen  0.22/turn              F - +6 ring of intelligence
MPRegen  0.21/turn              (no ring)

@: petrifying, very slow
A: no striking features
a: Renounce Religion, Evoke Invisibility


You were on level 1 of the Lair of Beasts.
You worshipped Vehumet.
Vehumet was greatly pleased with you.
You visited 4 branches of the dungeon, and saw 15 of its levels.

You collected 654 gold pieces.

Inventory:

Hand Weapons
 w - a +5 dagger of freezing (weapon)
Missiles
 b - 271 stones
 z - 2 atropa-tipped darts
 B - 52 poisoned darts (quivered)
Armour
 g - a +0 helmet (worn)
 p - a scarf of invisibility (worn)
 q - a +0 pair of gloves (worn)
 t - the +0 leather armour "Archuin" (worn) {rC+ Int+3}
   (You found it on level 11 of the Dungeon)

   It affects your intelligence (+3).
   It protects you from cold.
 x - a +3 leather armour of positive energy
 E - +0 acid dragon scales
Jewellery
 k - an amulet of reflection (around neck)
 F - a +6 ring of intelligence (left hand)
Wands
 i - a wand of acid (13)
 m - a wand of iceblast (7)
 r - a wand of paralysis (15)
 C - a wand of digging (10)
 D - a wand of flame (43)
Scrolls
 c - a scroll of summoning {unknown}
 e - 5 scrolls of remove curse
 h - 3 scrolls of magic mapping
 l - a scroll of fog
 o - 6 scrolls of teleportation
 v - 5 scrolls of amnesia
 G - 2 scrolls of immolation
 I - 3 scrolls of enchant armour
Potions
 a - a potion of brilliance {unknown}
 d - 5 potions of curing
 f - 4 potions of ambrosia
 j - 2 potions of heal wounds
 n - a potion of haste
 u - a potion of mutation


   Skills:
 * Level 9.5 Fighting
 + Level 10.0 Dodging
 - Level 2.4 Stealth
 + Level 10.7 Spellcasting
 + Level 8.7 Conjurations
 + Level 9.3 Fire Magic
 + Level 7.0 Earth Magic
 - Level 7.0 Evocations


You had 18 spell levels left.
You knew the following spells:

 Your Spells              Type           Power        Failure   Level
a - Foxfire               Conj/Fire      ####         1%          1
c - Sticky Flame          Conj/Fire      ######..     1%          4
f - Fireball              Conj/Fire      ######....   1%          5
i - Sandblast             Erth           ######       1%          1
m - Mephitic Cloud        Conj/Pois/Air  #####...     1%          3

Your spell library contained the following spells:

 Spells                   Type           Power        Failure   Level
 Hailstorm                Conj/Ice       #####...     1%          4
 Conjure Flame            Conj/Fire      ######..     1%          3
 Inner Flame              Hex/Fire       ######..     1%          3
 Poisonous Vapours        Pois/Air       ###...       6%          2
 Freezing Cloud           Conj/Ice/Air   #####.....   41%         6


Dungeon Overview and Level Annotations

Branches:
Dungeon (12/15)            Temple (1/1) D:5            Lair (1/6) D:10
    Orc (1/2) D:12

Altars:
Ashenzari
Cheibriados
Dithmenos
Elyvilon
Fedhas
Gozag
Hepliaklqana
Kikubaaqudgha
Makhleb
Nemelex Xobeh
Okawaru
Qazlal
Ru
Sif Muna
Trog
Uskayaw
Vehumet
Wu Jian
Xom
Yredelemnul
Zin
The Shining One

Annotations:
Orc:1 warlord with rF


Message History

The five-headed hydra bites you! The five-headed hydra misses you.
The five-headed hydra bites you! x2
* * * LOW HITPOINT WARNING * * *
The basilisk gazes at you.
You are slowing down.
Casting: Fireball (dangerous; 1% risk of failure)
Confirm with . or Enter, or press ? or * to list all spells.
Aiming: Fireball (dangerous; 1% risk of failure)
Press: ? - help, Shift-Dir - straight line The fireball explodes!
The fireball engulfs the five-headed hydra!
The five-headed hydra is almost dead.
The five-headed hydra burns!
The five-headed hydra bites you!
* * * LOW HITPOINT WARNING * * *
The five-headed hydra bites you!
* * * LOW HITPOINT WARNING * * *
The five-headed hydra bites you!
* * * LOW HITPOINT WARNING * * *
The five-headed hydra bites you.
You die...

#.......... ...
#.........# ....#
#.......l# #....#
........#
......##.......##
......#.........#
................#
.........@......#
..?......D......#
.....รท.<....[...#
...............##
..##...........#
#..........#.#
####........##
##.........
##........


You could see a five-headed hydra (burning) and a basilisk.

Vanquished Creatures
  Erolcha (D:9)
  4 boulder beetles
  Erica (Lair:1)
  4 two-headed ogres
  An unseen horror (D:12)
  3 ugly things
  A cyclops (D:12)
  A cane toad (Lair:1)
  2 gargoyles
  Maggie (D:7)
  2 centaur skeletons
  A komodo dragon (D:11)
  A freezing wraith (D:12)
  A kobold demonologist (D:8)
  3 trolls
  14 slime creatures
  A hornet (D:8)
  Prince Ribbit (D:9)
  2 wyverns
  2 shadows (D:12)
  2 wraiths
  A yak (D:12)
  2 basilisks
  A warg (Orc:1)
  Menkaure (D:4)
  Edmund (D:5)
  A soldier ant (D:10)
  A two-headed ogre zombie (D:12)
  A water moccasin (D:12)
  3 black bears
  4 orc warriors
  2 phantoms (D:12)
  5 sky beasts
  A hornet zombie (D:10)
  10 ogres
  A necrophage (D:5)
  9 centaurs
  A big kobold (D:10)
  5 bullfrogs
  A gnoll sergeant (D:9)
  8 wights
  2 troll zombies (D:12)
  A killer bee (D:8)
  4 howler monkeys
  2 quasits
  6 hounds
  10 orc wizards
  3 bullfrog skeletons
  5 orc priests
  A jelly (D:6)
  An iguana (D:4)
  Natasha (thrice) (D:2)
  9 worker ants
  4 ogre zombies (D:12)
  A hound skeleton (D:9)
  A howler monkey zombie (D:7)
  A worker ant zombie (D:10)
  Robin (D:4)
  18 adders
  14 gnolls
  6 shadow imps
  2 white imps
  3 ufetubi
  An ooze (D:2)
  An adder zombie (D:9)
  6 worms
  3 dart slugs
  6 leopard geckos
  33 orcs
  2 ball pythons (D:3)
  10 giant cockroaches
  15 goblins
  8 hobgoblins
  15 jackals
  4 quokkas
  6 bats
  8 frilled lizards
  2 goblin skeletons (D:12)
  5 goblin zombies (D:12)
  2 hobgoblin skeletons (D:12)
  A hobgoblin zombie (D:12)
  A jackal zombie (D:6)
  9 kobolds
  3 orc skeletons (D:12)
  12 orc zombies (D:12)
  11 rats
  A foxfire (D:10)
371 creatures vanquished.

Vanquished Creatures (collateral kills)
  18 foxfires
18 creatures vanquished.

Vanquished Creatures (others)
  1603 foxfires
  A plant (D:8)
1604 creatures vanquished.

Grand Total: 1993 creatures vanquished

Notes
Turn   | Place    | Note
-------+----------+-------------------------------------------
     0 | D:1      | vortex the Deep Elf Fire Elementalist began the quest for
                  | the Orb.
     0 | D:1      | Reached XP level 1. HP: 10/10 MP: 6/6
   277 | D:1      | Reached XP level 2. HP: 16/16 MP: 1/8
   341 | D:1      | Reached skill level 1 in Fighting
   963 | D:2      | Reached XP level 3. HP: 20/20 MP: 6/9
  1565 | D:2      | Noticed Natasha
  1574 | D:2      | Killed Natasha
  1574 | D:2      | Reached XP level 4. HP: 14/26 MP: 2/11
  1728 | D:2      | Learned a level 4 spell: Sticky Flame
  1800 | D:2      | Found a burning altar of Makhleb.
  2149 | D:2      | Noticed Natasha
  2153 | D:2      | Killed Natasha
  2400 | D:2      | Found an iron altar of Okawaru.
  2428 | D:2      | Reached XP level 5. HP: 30/30 MP: 8/12
  2581 | D:2      | Noticed Natasha
  2585 | D:2      | Killed Natasha
  2746 | D:3      | Learned a level 5 spell: Fireball
  3475 | D:3      | Reached XP level 6. HP: 36/36 MP: 10/14
  3705 | D:3      | Found a basalt altar of Yredelemnul.
  3821 | D:4      | Noticed Robin
  3996 | D:4      | Killed Robin
  4296 | D:4      | Reached skill level 1 in Evocations
  4394 | D:4      | Noticed Menkaure
  4424 | D:4      | Killed Menkaure
  4424 | D:4      | Reached XP level 7. HP: 9/41 MP: 1/16
  5031 | D:5      | Entered Level 5 of the Dungeon
  5031 | D:5      | Noticed Edmund
  5320 | D:4      | Reached skill level 5 in Spellcasting
  5698 | D:5      | Reached skill level 5 in Fire Magic
  5843 | D:5      | Killed Edmund
  5843 | D:5      | Reached XP level 8. HP: 48/48 MP: 16/18
  5891 | D:5      | Reached skill level 5 in Dodging
  6127 | D:5      | Found a staircase to the Ecumenical Temple.
  6135 | Temple   | Entered the Ecumenical Temple
  6217 | Temple   | Became a worshipper of Vehumet
  6642 | D:5      | Learned a level 3 spell: Mephitic Cloud
  6987 | D:6      | Reached skill level 5 in Fighting
  7381 | D:6      | Noticed a cyan ugly thing
  7472 | D:6      | Found a stormy altar of Qazlal.
  7474 | D:6      | Found a shimmering blue altar of Sif Muna.
  7474 | D:6      | Found a broken altar of Ashenzari.
  7524 | D:6      | Reached * piety under Vehumet
  7524 | D:6      | Offered knowledge of Sandblast by Vehumet.
  7524 | D:6      | Reached XP level 9. HP: 54/54 MP: 15/20
  7982 | D:7      | Learned a level 1 spell: Sandblast
  8022 | D:7      | Noticed Maggie
  8117 | D:7      | Reached skill level 5 in Conjurations
  8740 | D:7      | Reached skill level 1 in Earth Magic
  9586 | D:7      | Killed Maggie
  9623 | D:8      | Noticed a troll
  9631 | D:8      | Killed a troll
  9980 | D:8      | Reached skill level 5 in Evocations
  9987 | D:8      | Noticed a kobold demonologist
 10106 | D:8      | Found a transporter.
 10109 | D:8      | Found a transporter.
 10117 | D:8      | Reached ** piety under Vehumet
 10117 | D:8      | Offered knowledge of Searing Ray by Vehumet.
 10520 | D:8      | Found a sparkling altar of Nemelex Xobeh.
 11055 | D:8      | Killed a kobold demonologist
 11055 | D:8      | Reached XP level 10. HP: 61/61 MP: 19/23
 11645 | D:9      | Noticed Prince Ribbit
 11653 | D:9      | Killed Prince Ribbit
 11843 | D:9      | Noticed Erolcha
 11853 | D:9      | Killed Erolcha
 11891 | D:9      | Found an ornate altar of the Wu Jian Council.
 12015 | D:10     | Entered Level 10 of the Dungeon
 12017 | D:10     | Noticed a two-headed ogre
 12019 | D:10     | Noticed a two-headed ogre
 12106 | D:10     | Noticed a two-headed ogre
 12201 | D:9      | Killed a two-headed ogre
 12201 | D:9      | Offered knowledge of Ignite Poison by Vehumet.
 12336 | D:10     | Noticed a gargoyle
 12517 | D:10     | Killed a two-headed ogre
 12669 | D:9      | Killed a gargoyle
 12768 | D:10     | Reached *** piety under Vehumet
 12796 | D:10     | Reached XP level 11. HP: 67/67 MP: 7/25
 13065 | D:10     | Killed a two-headed ogre
 13223 | D:10     | Offered knowledge of Fulminant Prism by Vehumet.
 13838 | D:10     | Found a staircase to the Lair.
 14170 | D:6      | Killed a cyan ugly thing
 14170 | D:6      | Reached skill level 5 in Earth Magic
 14510 | D:11     | Got a distressingly furry leather armour
 14521 | D:11     | Identified the cursed +0 leather armour "Archuin" {rC+
                  | Int+3} (You found it on level 11 of the Dungeon)
 14557 | D:11     | Noticed a boulder beetle
 14574 | D:11     | Killed a boulder beetle
 14761 | D:11     | Noticed a brown ugly thing
 14766 | D:11     | Killed a brown ugly thing
 15021 | D:11     | Reached **** piety under Vehumet
 15405 | D:11     | Offered knowledge of Static Discharge by Vehumet.
 15567 | D:11     | Noticed a boulder beetle
 15596 | D:11     | Killed a boulder beetle
 15852 | D:12     | Noticed an eight-headed hydra
 16242 | D:12     | Noticed an eight-headed hydra
 16253 | D:12     | Noticed a two-headed ogre
 16972 | D:12     | Noticed an unseen horror
 17068 | D:12     | Killed an unseen horror
 17165 | D:11     | Killed a two-headed ogre
 17165 | D:11     | Reached XP level 12. HP: 75/75 MP: 13/27
 17398 | D:12     | Noticed a boulder beetle
 17415 | D:12     | Killed a boulder beetle
 17415 | D:12     | Reached skill level 10 in Spellcasting
 17877 | D:12     | Reached ***** piety under Vehumet
 17981 | D:12     | Offered knowledge of Hailstorm by Vehumet.
 18523 | D:12     | Noticed a boulder beetle
 18912 | D:12     | Killed a boulder beetle
 19071 | D:12     | Found a staircase to the Orcish Mines.
 19216 | Lair:1   | Entered Level 1 of the Lair of Beasts
 19216 | Lair:1   | Noticed Erica
 19219 | Lair:1   | Killed Erica
 19221 | Lair:1   | Noticed a five-headed hydra
 19619 | D:11     | Reached skill level 10 in Dodging
 19782 | Orc:1    | Entered Level 1 of the Orcish Mines
 19877 | Orc:1    | Noticed an orc warlord
 19995 | Lair:1   | HP: 2/76 [five-headed hydra (9)]
 19995 | Lair:1   | Slain by a five-headed hydra

Illustrated notes

Levels and vault maps discovered:
D:1:      dpeg_arrival_signposts, layout_basic
D:2:      layout_basic, okawaru_trees_2, old_standard_altar,
          minmay_worlds_worst_comb, uniq_natasha
D:3:      layout_loops_ring, lemuel_coloured_pillars_altar, serial_glass,
          glass_columns_a, glass_columns_a
D:4:      layout_layer_cave, uniq_menkaure, uniq_robin
D:5:      layout_rooms, minmay_temple_entry_grid, uniq_edmund
D:6:      layout_layer_cave, gammafunk_temple_overflow_forgotten
D:7:      layout_loops_corners, uniq_maggie
D:8:      gammafunk_wand_slinger, layout_loops_ring, marbit_many_paths
D:9:      layout_roguey, kennysheep_mini, uniq_erolcha, uniq_prince_ribbit1
D:10:     layout_cross, lair_entry_dummy, serial_park, serial_park_square1
          [serial_park_minivault_5x5_1], serial_park_square2
D:11:     layout_gridville
D:12:     minmay_inside_and_out, layout_basic, zombieorc2_lemuel
Temple:   nicolae_temple_great_sept
Lair:1:   layout_hall_layers, st_stairs_3, minmay_stone_trees_medium,
          grunt_megastairs_1, uniq_erica
Orc:1:    layout_caves, led_sif_book

Skill      XL: |  1  2  3  4  5  6  7  8  9 10 11 12 |
---------------+-------------------------------------+-----
Fighting       | 1 2 3 4 5 6 7 8 9 |  9.5
Dodging        | 3 4 5 6 8 9 10 | 10.0
Conjurations   | 2 3 4 5 6 7 8 |  8.7
Fire Magic     | 4 5 6 7 8 9 |  9.3
Spellcasting   | 4 5 6 7 8 9 10 | 10.7
Evocations     | 1 2 4 5 6 7 |  7.0
Earth Magic    | 2 4 6 7 |  7.0
Stealth        | |  2.4

Action                   |  1- 3 |  4- 6 |  7- 9 | 10-12 || total
-------------------------+-------+-------+-------+-------++-------
Melee: Dagger            |     2 |       |    28 |    35 ||    65
       Short sword       |       |     1 |       |       ||     1
Throw: Dart              |       |       |     1 |     9 ||    10
 Cast: Foxfire           |    99 |   194 |   328 |   320 ||   941
       Sticky Flame      |       |       |    11 |    50 ||    61
       Fireball          |       |       |       |   119 ||   119
       Mephitic Cloud    |       |       |       |    11 ||    11
       Sandblast         |       |       |       |     4 ||     4
Evoke: Wand              |       |       |     3 |     8 ||    11
  Use: Scroll            |       |       |    12 |    17 ||    29
       Potion            |       |       |       |     9 ||     9
 Stab: Paralysed         |       |       |    10 |    21 ||    31
       Sleeping          |       |       |     2 |     3 ||     5
       Confused          |       |       |       |     1 ||     1
Armor: Robe              |     4 |     1 |     8 |     5 ||    18
       Leather armour    |       |       |       |     6 ||     6
Dodge: Dodged            |     8 |    11 |    65 |    92 ||   176
Block: Other             |       |       |    14 |    36 ||    50
       Reflection        |       |       |     1 |     6 ||     7

Table legend: (Time is in decaauts)
 A = Elapsed time spent in this place.
 B = Non-inter-level travel time spent in this place.
 C = Inter-level travel time spent in this place.
 D = Time resting spent in this place.
 E = Time spent auto-exploring this place.
 F = Levels seen in this place.
 G = Mean time per level.
                   A        B        C        D        E       F      G
               +--------+--------+--------+--------+--------+-----+--------+
         Total |  20011 |  18301 |   1710 |   1683 |  14131 |  15 | 1334.1 |
       Dungeon |  19795 |  18111 |   1684 |   1683 |  13985 |  12 | 1649.6 |
        Temple |     94 |     68 |     26 |      0 |     66 |   1 |   94.0 |
          Lair |     14 |     14 |      0 |      0 |      0 |   1 |   14.0 |
  Orcish Mines |    106 |    106 |      0 |      0 |     80 |   1 |  106.0 |
               +--------+--------+--------+--------+--------+-----+--------+

Top non-repeatable levels by time:
    D:11: 2585 daAuts
    D:12: 2440 daAuts
     D:9: 1841 daAuts
     D:2: 1781 daAuts
     D:8: 1679 daAuts
     D:6: 1643 daAuts
     D:4: 1523 daAuts
     D:7: 1495 daAuts
    D:10: 1438 daAuts
     D:3: 1209 daAuts
     D:5: 1196 daAuts
     D:1: 960 daAuts
   Orc:1: 106 daAuts
  Temple: 94 daAuts
  Lair:1: 14 daAuts
